 Dungeon Crawl Stone Soup version 0.32-a0-163-g159c032296 (webtiles) character file.

Game seed: 12573603198067943766

212 BubbleThief the Chopper (level 5, -3/48 HPs)
             Began as a Hill Orc Fighter on Feb 11, 2024.
             Was a Follower of Okawaru.
             Splashed by a jelly's acid (4 damage)
             ... on level 4 of the Dungeon.
             The game lasted 00:02:31 (1937 turns).

BubbleThief the Chopper (Hill Orc Fighter)          Turns: 1937, Time: 00:02:32

Health: -3/48      AC:  2    Str: 21    XL:     5   Next: 90%
Magic:  5/5        EV:  9    Int:  8    God:    Okawaru [*.....]
Gold:   86         SH:  4    Dex: 10    Spells: 4/4 levels left

rFire   . . .        a - +0 war axe
rCold   . . .        c - +0 buckler
rNeg    . . .        b - +0 scale mail
rPois   .            (no helmet)
rElec   .            (no cloak)
rCorr   .            (no gloves)
SInv    .            (no boots)
Will    .....        (no amulet) Stlth
                     l - ring of flight
HPRegen 0.28/turn    (no ring)
MPRegen 0.09/turn

%: no passive effects
@: corroded, flying
A: no striking features
a: Renounce Religion, Heroism


You were on level 4 of the Dungeon.
You worshipped Okawaru.
Okawaru was aware of your devotion.
You visited 1 branch of the dungeon, and saw 4 of its levels.

You collected 86 gold pieces.

Inventory:

Hand Weapons
 a - a +0 war axe (weapon)
Armour
 b - a +0 scale mail (worn)
 c - a +0 buckler (worn)
Jewellery
 l - a ring of flight (left hand)
Scrolls
 f - a scroll of enchant weapon {unknown}
 g - a scroll of butterflies {unknown}
 h - a scroll of blinking {unknown}
 j - a scroll of identify {unknown}
Potions
 d - 2 potions of might
 e - a potion of brilliance {unknown}
 i - a potion of curing {unknown}
 k - a potion of heal wounds {unknown}


   Skills:
 + Level 5.3 Fighting
 * Level 6.5 Axes
 - Level 3.2 Armour
 - Level 3.2 Shields


You had 4 spell levels left.
You didn't know any spells.
Your spell library contained the following spells:

 Spells                   Type           Power      Damage    Failure   Level
 Static Discharge         Conj/Air       0%         3-3/arc   91%         2
 Airstrike                Air            0%         2d(0-16)  100%        4
 Summon Lightning Spire   Summ/Air       Unusable   N/A       N/A         4

Dungeon Overview and Level Annotations

Branches:
Dungeon (4/15)
 Temple: D:4-7

Altars:
Elyvilon
Okawaru
Vehumet

Shops:
D:3 [


Message History

HP restored.
Found an escape hatch in the floor.
You see here a staff of alchemy.
You now have 86 gold pieces (gained 12).
You see here a +0 dagger.
Found a stone staircase leading up.
A gnoll comes into view.
It is wielding a +0 flail and quivering 2 throwing nets.
The gnoll shouts!
A gnoll is nearby!
You barely miss the gnoll.
A jelly comes into view.
The gnoll hits you but does no damage.
You barely miss the gnoll. The gnoll closely misses you.
You slash the gnoll!
The gnoll is severely wounded.
The gnoll hits you with a +0 flail!
You barely miss the gnoll.
The gnoll is severely wounded.
The gnoll barely misses you.
You hit the gnoll.
The gnoll is almost dead.
The gnoll hits you but does no damage. The gnoll hits you with a +0 flail.
You hit the gnoll.
You kill the gnoll!
Okawaru accepts your kill.
You hit the jelly.
Your hands burn!
The jelly is lightly wounded.
The jelly hits you.
You are splashed with acid!
You hit the jelly. The acid corrodes you!
Your hands burn!
The jelly is lightly wounded.
The jelly hits you but does no damage.
You hit the jelly but do no damage.
Your hands burn!
The jelly is lightly wounded.
The jelly hits you.
* * * LOW HITPOINT WARNING * * *
You are splashed with acid!
* * * LOW HITPOINT WARNING * * *
The jelly closely misses you.
You hit the jelly but do no damage.
Your hands burn!
You die...

## .. . .# .# ##.##.#
......# ##. #..... ..
####.####..# #####.###
#.....J@.?.###.>......##
..#.#.###......# #......
# ##.##.###..###.≈.ß.≈ .
#............≈..|≈ #
#.##<#....#.#.≈≈.≈≈ # #.
#.#.#.##...≈≈.≈≈ # #.
#.#.#.####.≈≈.≈≈ # #
#.#....###.≈≈_≈≈ ######
#..........≈≈≈≈≈


You could see a jelly.

Vanquished Creatures
  A phantom (D:4)
  A hound (D:4)
  4 gnolls
  2 adders
  A ribbon worm (D:3)
  An orc (D:3)
  5 bats
  2 endoplasms
  4 giant cockroaches
  4 goblins
  6 hobgoblins
  5 kobolds
  4 quokkas
  4 ball pythons (D:1)
  3 frilled lizards
  5 rats
52 creatures vanquished.

Notes
Turn   | Place    | Note
-------+----------+-------------------------------------------
     0 | D:1      | BubbleThief the Hill Orc Fighter began the quest for the
                  | Orb.
     0 | D:1      | Reached XP level 1. HP: 19/19 MP: 1/1
    48 | D:1      | Reached skill level 3 in Axes
    87 | D:1      | Reached XP level 2. HP: 27/27 MP: 2/2
   287 | D:1      | You fall into a shaft and drop 1 floor!
   380 | D:2      | Found an iron altar of Okawaru.
   541 | D:2      | Reached skill level 4 in Axes
   541 | D:2      | Reached XP level 3. HP: 32/33 MP: 3/3
   654 | D:2      | Became a worshipper of Warmaster Okawaru
  1261 | D:3      | Reached XP level 4. HP: 36/41 MP: 4/4
  1399 | D:3      | Noticed an ogre
  1474 | D:3      | Found Boxkam Coed's Antique Armour Shoppe.
  1515 | D:3      | Reached skill level 5 in Axes
  1662 | D:3      | Found a radiant altar of Vehumet.
  1740 | D:4      | Reached XP level 5. HP: 47/47 MP: 5/5
  1784 | D:4      | Found a white marble altar of Elyvilon.
  1819 | D:4      | Noticed a phantom
  1838 | D:4      | Killed a phantom
  1838 | D:4      | Reached * piety under Okawaru
  1839 | D:4      | Reached skill level 5 in Fighting
  1839 | D:4      | Reached skill level 6 in Axes
  1936 | D:4      | HP: 1/48 [acid (12)]
  1937 | D:4      | Splashed by a jelly's acid

Illustrated notes

Levels and vault maps discovered:
D:1:      minmay_arrival_pointy, layout_basic
D:2:      layout_loops_corners, basic_altar, hex_large
D:3:      minmay_diamond_boxcup, layout_loops_corners, fiery_altar_vehumet,
          yredelemnul_forgotten_temple_becter, serial_shops, shop, uniq_jessica
D:4:      layout_loops_ring, okawaru_ov_weapons_minmay,
          nemelex_dance_club_becter, mainiacjoe_overflow_catwalk

Skill      XL: |  1  2  3  4  5 |
---------------+----------------+-----
Axes           | 3 4 5 6 |  6.5
Fighting       | 4 5 |  5.3
Armour         | |  3.2
Shields        | |  3.2

Action                     |  1- 3 |  4- 6 || total
---------------------------+-------+-------++-------
  Melee: War axe           |   113 |    70 ||   183
 Armour: Scale mail        |    65 |    46 ||   111
  Dodge: Dodged            |    53 |    31 ||    84
  Block: Buckler           |    30 |     5 ||    35

Table legend: (Time is in decaauts)
 A = Elapsed time spent in this place.
 B = Non-inter-level travel time spent in this place.
 C = Inter-level travel time spent in this place.
 D = Time resting spent in this place.
 E = Time spent auto-exploring this place.
 F = Levels seen in this place.
 G = Mean time per level.
                   A        B        C        D        E       F      G
               +--------+--------+--------+--------+--------+-----+--------+
         Total |   1992 |   1893 |     99 |      0 |   1467 |   4 |  498.0 |
       Dungeon |   1992 |   1893 |     99 |      0 |   1467 |   4 |  498.0 |
               +--------+--------+--------+--------+--------+-----+--------+

Top non-repeatable levels by time:
     D:2: 984 daAuts
     D:3: 473 daAuts
     D:1: 303 daAuts
     D:4: 230 daAuts
